 Dungeon Crawl Stone Soup version 0.20.1-1-g8b1a95d (webtiles) character file.

64 VirginKiller the Ruffian (level 3, 0/31 HPs)
             Began as a Demigod Gladiator on Oct 9, 2017.
             Slain by Robin
             ... wielding a +0 trident
              (7 damage)
             ... on level 2 of the Dungeon.
             The game lasted 00:06:27 (923 turns).

VirginKiller the Ruffian (Demigod Gladiator)         Turns: 923, Time: 00:06:28

Health: 0/31       AC:  5    Str: 19    XL:     3   Next: 64%
Magic:  5/5        EV: 12    Int: 17    God:
Gold:   32         SH:  0    Dex: 17    Spells: 2/2 levels left

rFire    . . .     SeeInvis .     - Unarmed
rCold    . . .     Gourm    .   (no shield)
rNeg     . . .     Faith    .   o - +0 ring mail
rPois    .         Spirit   .   (helmet restricted)
rElec    +         Reflect  .   (no cloak)
rCorr    .         Harm     .   (no gloves)
MR       .....                  (no boots)
Stlth    +.........             (no amulet)
Regen    0.1/turn               (no ring)
MPRegen  0.1/turn               (no ring)

@: brilliant, lethally poisoned (0 -> -2)
A: horns 1, high mp 1, robust 1, electricity resistance
a: no special abilities


You were on level 2 of the Dungeon.
You were not hungry.

You visited 1 branch of the dungeon, and saw 2 of its levels.

You collected 32 gold pieces.

Inventory:

Missiles
 c - 3 throwing nets (quivered)
Armour
 b - a +0 helmet
 o - a +0 ring mail (worn)
Jewellery
 a - an uncursed ring of wizardry {unknown}
Scrolls
 e - 2 scrolls of fog {unknown}
 f - a scroll of enchant armour {unknown}
 h - a scroll of recharging {unknown}
 i - a scroll of teleportation {unknown}
 k - 2 scrolls of remove curse {unknown}
 p - a scroll of amnesia {unknown}
Comestibles
 d - a bread ration
 j - a meat ration
 m - a royal jelly
 n - 4 fruits
 q - a chunk of flesh


   Skills:
 - Level 1.7 Fighting
 - Level 1.7 Throwing
 - Level 2.6 Dodging
 * Level 4.4 Unarmed Combat


You had 2 spell levels left.
You didn't know any spells.

Dungeon Overview and Level Annotations

Branches:
Dungeon (2/15)

Annotations:
D:2 Robin


Innate Abilities, Weirdness & Mutations

You have an increased reservoir of magic. (+10% MP)
You have a pair of small horns on your head.
You are robust. (+10% HP)
You are resistant to electric shocks. (rElec)


Message History

Robin hits you from afar with a trident.
* * * LOW HITPOINT WARNING * * *
The goblin hits you with a hunting sling.
* * * LOW HITPOINT WARNING * * *
The adder bites you but does no damage.
You hit the goblin. Your headbutt misses the goblin.
The goblin is heavily wounded.
The adder barely misses you.
You hit the goblin but do no damage. You headbutt the goblin.
You kill the goblin!
The adder misses you. Robin throws the goblin at you!
You miss the goblin. You headbutt the goblin.
You kill the goblin!
You feel sick. The adder misses you. Robin barely misses you.
A quokka comes into view.
You closely miss the adder.
The adder is severely wounded.
The adder closely misses you.
Robin hits you from afar with a trident!
You die...

....... .......####
....)...(# ###.......#
..........# ## #####
..gg....>.+..# #...#
#.....##.#######...#
#....g##...#...#...#####
#####gS@)....r.'....[...
#.####.#...#)..##### #.#
#..........# #.#
######..##.#
#.#########...#.####
#.........^.........
#############.....##
######'## #.......#


You could see Robin, an adder, a quokka and a hobgoblin.

Vanquished Creatures
  2 adders (D:2)
  A leopard gecko (D:2)
  A ball python (D:2)
  A giant cockroach (D:1)
  16 goblins
  2 hobgoblins (D:1)
  4 jackals (D:1)
  3 kobolds (D:1)
  A bat (D:1)
  5 frilled lizards
  7 rats
43 creatures vanquished.

Notes
Turn   | Place    | Note
-------+----------+-------------------------------------------
     0 | D:1      | VirginKiller the Demigod Gladiator began the quest for the Orb.
     0 | D:1      | Reached XP level 1. HP: 17/17 MP: 3/3
    44 | D:1      | Reached skill level 3 in Unarmed Combat
   106 | D:1      | Reached XP level 2. HP: 24/24 MP: 4/4
   570 | D:2      | Reached skill level 4 in Unarmed Combat
   570 | D:2      | Reached XP level 3. HP: 18/29 MP: 5/5
   893 | D:2      | Noticed Robin
   898 | D:2      | Gained mutation: You are resistant to electric shocks. (rElec) [potion of mutation]
   898 | D:2      | Gained mutation: You are robust. (+10% HP) [potion of mutation]
   898 | D:2      | Gained mutation: You have a pair of small horns on your head. [potion of mutation]
   923 | D:2      | Slain by Robin

Skill      XL: |  1  2 |
---------------+-------+-----
Unarmed Combat | 3 4 |  4.4
Fighting       | |  1.7
Throwing       | |  1.7
Dodging        | |  2.6

Action                   || total
-------------------------++-------
Melee: Unarmed           ||   151
       Punch             ||     4
       Headbutt          ||     8
  Use: Potion            ||     2
Armor: Leather armour    ||    19
       Ring mail         ||    25
Dodge: Dodged            ||    90
